3A
YORK REVOLUTION @ DELAWARE 1787 BC
07/30/2027
 
TOP OF THE 1ST
York Revolution batting - Pitching for Delaware 1787 BC : RHP Lincoln Spooner
Pitching: RHP Lincoln Spooner
Batting: RHB Domingo Bravo 0-0: Called Strike
0-1: Ball
1-1: Ground out 6-3 (Groundball, 56)
Batting: RHB Terry Cheadle 0-0: Ball
1-0: SINGLE (Groundball, 56D)
Batting: RHB Griffin Woodfinlevine 0-0: Called Strike
0-1: Ball
1-1: Ball
2-1: Grounds into double play, 6-4-3 (Groundball, 6)
Top of the 1st over - 0 run(s), 1 hit(s), 0 error(s), 0 left on base; York 0 - Delaware 0
BOTTOM OF THE 1ST
Delaware 1787 BC batting - Pitching for York Revolution : LHP Rodney Spurr
Pitching: LHP Rodney Spurr
Batting: LHB Juan Ledezma 0-0: Ball
1-0: DOUBLE (Groundball, 3L)
Batting: RHB José Rodríguez 0-0: Ball
1-0: Fly out, F9 (Flyball, 89D)
Runner from 2nd tags up, SAFE at 3rd, no throw
Batting: RHB Dam Son 0-0: Called Strike
0-1: Swinging Strike
0-2: Hit by Pitch
Batting: RHB David Wooderson 0-0: Called Strike
0-1: Grounds into double play, 5-4-3 (Groundball, 5L)
Bottom of the 1st over - 0 run(s), 1 hit(s), 0 error(s), 1 left on base; York 0 - Delaware 0
TOP OF THE 2ND
York Revolution batting - Pitching for Delaware 1787 BC : RHP Lincoln Spooner
Batting: RHB Sherwood Lefebvre 0-0: Ball
1-0: SINGLE (Groundball, 6MD)
Batting: RHB Obi Jones 0-0: Ball
1-0: Called Strike
1-1: Called Strike
1-2: Fly out, F7 (Flyball, 7)
Batting: RHB Billy Hess 0-0: Called Strike
0-1: Foul Ball, location: 2F
0-2: Ball
1-2: Fly out, F7 (Flyball, 7)
Batting: RHB Donald Perry 0-0: Called Strike
0-1: Foul Ball, location: 2F
0-2: Ball
1-2: Fly out, F9 (Flyball, 9S)
Top of the 2nd over - 0 run(s), 1 hit(s), 0 error(s), 1 left on base; York 0 - Delaware 0
BOTTOM OF THE 2ND
Delaware 1787 BC batting - Pitching for York Revolution : LHP Rodney Spurr
Batting: RHB Phil Moore 0-0: Foul Ball, location: 2F
0-1: Fly out, F6 (Line Drive, 6)
Batting: RHB Randy Sheffield 0-0: Ball
1-0: Ball
2-0: Ball
3-0: Called Strike
3-1: Called Strike
3-2: SINGLE (Line Drive, 89S)
Batting: RHB John Willoughby 0-0: SINGLE (Groundball, 6MD)
Randy Sheffield to second
Batting: LHB Donovan Inman 0-0: Ball
1-0: Ball
2-0: Called Strike
2-1: Foul Ball, location: 2F
2-2: Ball
3-2: Strikes out swinging
Batting: RHB Toyozo Yamasaki 0-0: Ball
1-0: Foul Ball, location: 2F
1-1: Ball
2-1: Called Strike
2-2: Ball
3-2: Strikes out swinging
Bottom of the 2nd over - 0 run(s), 2 hit(s), 0 error(s), 2 left on base; York 0 - Delaware 0
TOP OF THE 3RD
York Revolution batting - Pitching for Delaware 1787 BC : RHP Lincoln Spooner
Batting: RHB Ernesto Deleón 0-0: Foul Ball, location: 2F
0-1: Called Strike
0-2: Ball
1-2: Ball
2-2: SINGLE (Line Drive, 8LS)
Batting: RHB Jorge Barrón 0-0: Foul Ball, location: 2F
0-1: Foul Ball, location: 2F
0-2: Foul Ball, location: 2F
0-2: Ball
1-2: Ball
2-2: Ball
3-2: SINGLE (Line Drive, 9LS)
Ernesto Deleón to second
Batting: RHB Domingo Bravo 0-0: Foul Ball, location: 2F
0-1: Foul Ball, location: 2F
0-2: Ball
1-2: Foul Ball, location: 2F
1-2: Strikes out swinging
Batting: RHB Terry Cheadle 0-0: SINGLE (Line Drive, 7LS)
Ernesto Deleón to third
Jorge Barrón to second
Runner from 3rd tries for Home, SAFE, no throw
Batting: RHB Griffin Woodfinlevine 0-0: Called Strike
0-1: Ball
1-1: Foul Ball, location: 2F
1-2: Foul Ball, location: 2F
1-2: Strikes out looking
Batting: RHB Sherwood Lefebvre 0-0: Ball
1-0: Called Strike
1-1: Foul Ball, location: 2F
1-2: Fielders Choice at 2nd, 6-4 (Groundball, 6)
Top of the 3rd over - 1 run(s), 3 hit(s), 0 error(s), 1 left on base; York 1 - Delaware 0
BOTTOM OF THE 3RD
Delaware 1787 BC batting - Pitching for York Revolution : LHP Rodney Spurr
Batting: LHB Juan Ledezma 0-0: Ball
1-0: Ball
2-0: Swinging Strike
2-1: SINGLE (Groundball, 3D)
Batting: RHB José Rodríguez 0-0: Ball
1-0: Ball
2-0: Fly out, F4 (Line Drive, 4)
Batting: RHB Dam Son 0-0: Grounds into double play, 5-4-3 (Groundball, 56)
Bottom of the 3rd over - 0 run(s), 1 hit(s), 0 error(s), 0 left on base; York 1 - Delaware 0
TOP OF THE 4TH
York Revolution batting - Pitching for Delaware 1787 BC : RHP Lincoln Spooner
Batting: RHB Obi Jones 0-0: Ball
1-0: Ground out 6-3 (Groundball, 6)
Batting: RHB Billy Hess 0-0: Ball
1-0: Ground out 6-3 (Groundball, 6)
Batting: RHB Donald Perry 0-0: Called Strike
0-1: Foul Ball, location: 2F
0-2: Strikes out looking
Top of the 4th over - 0 run(s), 0 hit(s), 0 error(s), 0 left on base; York 1 - Delaware 0
BOTTOM OF THE 4TH
Delaware 1787 BC batting - Pitching for York Revolution : LHP Rodney Spurr
Batting: RHB David Wooderson 0-0: Called Strike
0-1: Ball
1-1: Ball
2-1: SINGLE (Line Drive, 89S)
Batting: RHB Phil Moore 0-0: Fly out, F6 (Popup, 6D)
Batting: RHB Randy Sheffield 0-0: Ball
1-0: Ball
2-0: Grounds into double play, 6-4-3 (Groundball, 6)
Bottom of the 4th over - 0 run(s), 1 hit(s), 0 error(s), 0 left on base; York 1 - Delaware 0
TOP OF THE 5TH
York Revolution batting - Pitching for Delaware 1787 BC : RHP Lincoln Spooner
Batting: RHB Ernesto Deleón 0-0: Called Strike
0-1: Fly out, F4 (Popup, 34)
Batting: RHB Jorge Barrón 0-0: Ball
1-0: Ball
2-0: Called Strike
2-1: Swinging Strike
2-2: SINGLE (Flyball, 78S)
Batting: RHB Domingo Bravo 0-0: Called Strike
Jorge Barrón is caught stealing 2nd base
0-1: Ball
1-1: Swinging Strike
1-2: Fly out, F4 (Line Drive, 4)
Top of the 5th over - 0 run(s), 1 hit(s), 0 error(s), 0 left on base; York 1 - Delaware 0
BOTTOM OF THE 5TH
Delaware 1787 BC batting - Pitching for York Revolution : LHP Rodney Spurr
Batting: RHB John Willoughby 0-0: Called Strike
0-1: Fly out, F9 (Flyball, 9LM)
Batting: LHB Donovan Inman 0-0: Ball
1-0: Foul Ball, location: 2F
1-1: Ground out 1-3 (Groundball, 13)
Batting: RHB Toyozo Yamasaki 0-0: Called Strike
0-1: Swinging Strike
0-2: Strikes out swinging
Bottom of the 5th over - 0 run(s), 0 hit(s), 0 error(s), 0 left on base; York 1 - Delaware 0
TOP OF THE 6TH
York Revolution batting - Pitching for Delaware 1787 BC : RHP Lincoln Spooner
Batting: RHB Terry Cheadle 0-0: Called Strike
0-1: Ball
1-1: Called Strike
1-2: Foul Ball, location: 2F
1-2: Ground out 5-3 (Groundball, 56)
Batting: RHB Griffin Woodfinlevine 0-0: Foul Ball, location: 2F
0-1: Fly out, F8 (Flyball, 8RS)
Batting: RHB Sherwood Lefebvre 0-0: Called Strike
0-1: SINGLE (Line Drive, 5D)
Batting: RHB Obi Jones 0-0: Ball
1-0: Called Strike
1-1: Foul Ball, location: 2F
1-2: Foul Ball, location: 2F
1-2: Foul Ball, location: 2F
1-2: Ball
2-2: Fly out, F7 (Flyball, 7S)
Top of the 6th over - 0 run(s), 1 hit(s), 0 error(s), 1 left on base; York 1 - Delaware 0
BOTTOM OF THE 6TH
Delaware 1787 BC batting - Pitching for York Revolution : LHP Rodney Spurr
Batting: LHB Juan Ledezma 0-0: Foul Ball, location: 2F
0-1: Fly out, F7 (Line Drive, 7LM)
Batting: RHB José Rodríguez 0-0: Ball
1-0: Ball
2-0: Ball
3-0: Base on Balls
Batting: RHB Dam Son 0-0: Called Strike
0-1: Ball
1-1: Ball
2-1: Ball
3-1: Base on Balls
José Rodríguez to second
Batting: RHB David Wooderson 0-0: Swinging Strike
0-1: SINGLE (Line Drive, 6MD)
José Rodríguez to third
Dam Son to second
Runner from 3rd tries for Home, SAFE, throw made home
Batting: RHB Phil Moore 0-0: Called Strike
0-1: Fly out, F8 (Flyball, 8RS)
Batting: RHB Randy Sheffield 0-0: Swinging Strike
0-1: Ball
1-1: Foul Ball, location: 2F
1-2: Fly out, F8 (Flyball, 8RM)
Bottom of the 6th over - 1 run(s), 1 hit(s), 0 error(s), 2 left on base; York 1 - Delaware 1
TOP OF THE 7TH
York Revolution batting - Pitching for Delaware 1787 BC : RHP Lincoln Spooner
Batting: RHB Billy Hess 0-0: Fly out, F7 (Flyball, 7)
Batting: RHB Donald Perry 0-0: Ball
1-0: Foul Ball, location: 2F
1-1: Ball
2-1: Foul Ball, location: 2F
2-2: Ball
3-2: Base on Balls
Pinch Hitting: SHB Gerardo Dueñas 0-0: Ball
1-0: Fielders Choice at 2nd, 4-6 (Groundball, 4)
Pinch Hitting: RHB Jim Unknown 0-0: Ball
1-0: Called Strike
1-1: Called Strike
Gerardo Dueñas steals 2nd base
1-2: Foul Ball, location: 2F
1-2: Ball
2-2: Foul Ball, location: 2F
2-2: Ball
3-2: Base on Balls
Batting: RHB Domingo Bravo 0-0: Ball
1-0: Ball
2-0: Fielders Choice at 2nd, 6-4 (Groundball, 6)
Top of the 7th over - 0 run(s), 0 hit(s), 0 error(s), 1 left on base; York 1 - Delaware 1
BOTTOM OF THE 7TH
Delaware 1787 BC batting - Pitching for York Revolution : LHP Rodney Spurr
Now at 1B: Jim Unknown
Now in LF: Gerardo Dueñas
Batting: RHB John Willoughby 0-0: Called Strike
0-1: Called Strike
0-2: Ball
1-2: Strikes out swinging
Pinch Hitting: LHB Chase Popoff 0-0: Hit by Pitch
Batting: RHB Toyozo Yamasaki 0-0: SINGLE (Line Drive, 6M)
Chase Popoff to second
Pinch Hitting: RHB Alejandro Sánchez 0-0: Ball
1-0: Called Strike
1-1: Called Strike
1-2: Ball
2-2: Ball
3-2: SINGLE (Line Drive, 89S)
Chase Popoff to third
Toyozo Yamasaki to second
Runner from 3rd tries for Home, SAFE, throw made home
Toyozo Yamasaki to third
Alejandro Sánchez to second
Batting: RHB José Rodríguez 0-0: Ball
1-0: Ball
2-0: Ball
3-0: Base on Balls
Batting: RHB Dam Son 0-0: Fly out, F9 (Flyball, 9D)
Runner from 3rd tags up, SCORES, no throw
Alejandro Sánchez to third
Batting: RHB David Wooderson 0-0: Ball
1-0: Called Strike
1-1: Ball
2-1: Foul Ball, location: 2F
2-2: Foul Ball, location: 2F
2-2: Ground out 1-3 (Groundball, 13S)
Bottom of the 7th over - 2 run(s), 2 hit(s), 0 error(s), 2 left on base; York 1 - Delaware 3
TOP OF THE 8TH
York Revolution batting - Pitching for Delaware 1787 BC : RHP Lincoln Spooner
Now at 3B: Alejandro Sánchez
Now in CF: Norberto Rivera
Batting: RHB Terry Cheadle 0-0: Ball
1-0: Fly out, F9 (Flyball, 89XD)
Batting: RHB Griffin Woodfinlevine 0-0: Ball
1-0: Foul Ball, location: 2F
1-1: Ball
2-1: Fly out, F7 (Line Drive, 78D)
Batting: RHB Sherwood Lefebvre 0-0: Called Strike
0-1: Ball
1-1: Ball
2-1: Called Strike
2-2: Foul Ball, location: 2F
2-2: SINGLE (Line Drive, 6)
Pitching: RHP Rudy Byrd
Batting: RHB Obi Jones 0-0: Called Strike
0-1: Called Strike
0-2: Strikes out swinging
Top of the 8th over - 0 run(s), 1 hit(s), 0 error(s), 1 left on base; York 1 - Delaware 3
BOTTOM OF THE 8TH
Delaware 1787 BC batting - Pitching for York Revolution : LHP Rodney Spurr
Batting: RHB Phil Moore 0-0: Ball
1-0: Foul Ball, location: 2F
1-1: Ball
2-1: Called Strike
2-2: Strikes out swinging
Batting: RHB Randy Sheffield 0-0: Ball
1-0: Foul Ball, location: 2F
1-1: Ball
2-1: Swinging Strike
2-2: Ball
3-2: Foul Ball, location: 2F
3-2: Foul Ball, location: 2F
3-2: Base on Balls
Batting: RHB John Willoughby 0-0: Grounds into double play, 6-4-3 (Groundball, 6)
Bottom of the 8th over - 0 run(s), 0 hit(s), 0 error(s), 0 left on base; York 1 - Delaware 3
TOP OF THE 9TH
York Revolution batting - Pitching for Delaware 1787 BC : RHP Rudy Byrd
Pitching: LHP Doppo Omikado
Batting: RHB Billy Hess 0-0: Called Strike
0-1: Foul Ball, location: 2F
0-2: Ball
1-2: Ground out 4-3 (Groundball, 4S)
Batting: RHB Donald Perry 0-0: Ball
1-0: Swinging Strike
1-1: Foul Ball, location: 2F
1-2: Ball
2-2: Foul Ball, location: 2F
2-2: Foul Ball, location: 2F
2-2: Strikes out swinging
Batting: SHB Gerardo Dueñas 0-0: Swinging Strike
0-1: Ball
1-1: Foul Ball, location: 2F
1-2: Strikes out swinging
Top of the 9th over - 0 run(s), 0 hit(s), 0 error(s), 0 left on base; York 1 - Delaware 3
Saturday, May 26th, 2018 - OOTP Baseball 17.12 Build 75